 Dungeon Crawl Stone Soup version 0.28-a0-535-g6f645e4c1d (webtiles) character file.

Game seed: 12364723891610289276

275 sanka the Distorting Palentonga (level 6, -2/50 HPs)
             Began as a Palentonga Abyssal Knight on Sept 26, 2021.
             Was a Believer of Lugonu.
             Slain by an orc (4 damage)
             ... on level 3 of the Dungeon.
             The game lasted 00:05:46 (4154 turns).

sanka the Distorting Palentonga (PaAK)              Turns: 4154, Time: 00:05:47

Health: -2/50      AC:  4    Str: 18    XL:     6   Next: 3%
Magic:  0/11       EV:  6    Int: 11    God:    Lugonu [**....]
Gold:   88         SH:  6    Dex: 10    Spells: 5/5 levels left

rFire   . . .      SeeInvis +   a - +1 hand axe
rCold   . . .      Faith    .   e - +0 kite shield
rNeg    . . .      Spirit   +   l - +0 leather armour
rPois   .          Reflect  .   (no helmet)
rElec   .          Harm     .   (no cloak)
rCorr   .          Rampage  .   (no gloves)
Will    .....                   (no barding)
Stlth   +.........              n - amulet of guardian spirit
HPRegen 0.16/turn               (no ring)
MPRegen 0.12/turn               (no ring)

@: no status effects
A: large, rugged brown scales 3, see invisible, deformed body, roll 1, armoured
tail
a: Rolling Charge, Renounce Religion, Depart the Abyss, Bend Space


You were on level 3 of the Dungeon.
You worshipped Lugonu.
Lugonu was pleased with you.
You visited 1 branch of the dungeon, and saw 3 of its levels.
You visited the Abyss 1 time.
You also visited: Sewer.

You collected 88 gold pieces.


Innate Abilities, Weirdness & Mutations

You are completely covered in rugged brown scales. (AC +3, +7% HP)
You have supernaturally acute eyesight. (SInv)
Armour fits poorly on your strangely shaped body.
You can roll at nearby foes to attack.
You have a long armoured tail.


   Skills:
 - Level 3.0 Fighting
 - Level 2.0 Axes
 - Level 1.5 Armour
 - Level 0.7 Dodging
 + Level 6.9 Invocations


You had 5 spell levels left.
You didn't know any spells.
Your spell library was empty.

Inventory:

Hand Weapons
 a - a +1 hand axe (weapon)
 b - a +1 dagger of venom
 o - a +0 dagger of venom
Missiles
 v - 16 poisoned darts
Armour
 e - a +0 kite shield (worn)
 l - a +0 leather armour (worn)
Jewellery
 n - an amulet of guardian spirit (around neck)
Scrolls
 c - 2 scrolls of identify {unknown}
 d - 4 scrolls of teleportation {unknown}
 f - 2 scrolls of enchant weapon {unknown}
 g - a scroll of fog {unknown}
 h - 2 scrolls of immolation {unknown}
 i - a scroll of blinking {unknown}
 j - 2 scrolls of noise {unknown}
 k - 2 scrolls of fear {unknown}
 t - 2 scrolls of vulnerability {unknown}
Potions
 m - 2 potions of magic {unknown}
 p - a potion of invisibility {unknown}
 q - a potion of resistance {unknown}
 r - a potion of heal wounds {unknown}
 s - a potion of mutation {unknown}
 u - 2 potions of haste {unknown}

Dungeon Overview and Level Annotations

Branches:
Dungeon (3/15)              Sewer (visited)

Altars:
Xom

Shops:
D:2

[(* ▒...............▒▒...▒▒..▒
<... ▒......▒▒.▒.....▒...▒.....
..........................
▒▒..▒▒.▒...................
..........▒▒▒▒.......▒▒▒▒▒.
▒▒.▒▒▒..▒.▒▒.........▒
.▒............o▒▒▒...▒ .
...........▒▒.▒.....▒▒▒...▒
▒▒.....▒.. ▒▒..)H.......>▒
.....▒.▒.▒▒▒.....▒▒▒▒▒.▒▒▒
...............▒▒▒ .▒
....▒..........▒ ▒▒▒▒.▒▒ ▒▒
..........▒▒▒▒.▒ ▒..... ▒.
.....▒...▒▒ ▒.▒▒▒▒.... ▒.
.....▒...▒▒▒▒▒.▒.....▒ ▒▒▒▒▒▒▒▒▒.
.............▒.▒.▒▒.▒▒▒▒.........
.....................).......▒▒▒.


You could see an orc.


Message History

* * * LOW HITPOINT WARNING * * *
You hit the orc.
The orc is severely wounded.
The orc hits you with a +0 trident.
* * * LOW HITPOINT WARNING * * *
You hit the orc but do no damage.
Your tail-slap misses the orc.
The orc is severely wounded.
The orc hits you with a +0 trident.
* * * LOW HITPOINT WARNING * * *
The orc hits you with a +0 trident!
* * * LOW HITPOINT WARNING * * *
Your shield prevents you from hitting the orc.
The orc is severely wounded.
The orc hits you with a +0 trident.
* * * LOW HITPOINT WARNING * * *
Your shield prevents you from hitting the orc.
The orc is severely wounded.
The orc hits you with a +0 trident.
* * * LOW HITPOINT WARNING * * *
The orc hits you with a +0 trident.
* * * LOW HITPOINT WARNING * * *
You hit the orc but do no damage.
The orc is severely wounded.
The orc hits you with a +0 trident.
* * * LOW HITPOINT WARNING * * *
You block the orc's attack.
There is a stone staircase leading up, spattered with blood here.
The orc hits you from afar with a +0 trident.
You die...

Action                   |  1- 3 |  4- 6 || total
-------------------------+-------+-------++-------
Melee: Hand axe          |    93 |   140 ||   233
       Tailslap          |     7 |    13 ||    20
       Dagger            |       |    10 ||    10
Invok: Depart the Abyss  |     1 |       ||     1
  Use: Potion            |       |     1 ||     1
Armor: Leather armour    |    37 |    62 ||    99
Dodge: Dodged            |    36 |    58 ||    94
Block: Kite shield       |    26 |    64 ||    90

Levels and vault maps discovered:
D:1:      lightli_arrival_lavapool, layout_loops_ring, hangedman_decor_points,
          columned_hall_lemuel, grunt_decor_junction, minmay_misc_feat_plants,
          minmay_liquid_box
D:2:      minmay_door_path, layout_rooms, basic_altar, basic_ecumenical_altar,
          serial_shops, shop, shop, nicolae_diamond_shop, chequers_mini_garden,
          corexii_shack, uniq_jessica
D:3:      layout_rooms, portal_sewer_entry_d, hangedman_decor_clover_reticule

Notes
Turn   | Place    | Note
-------+----------+-------------------------------------------
     0 | Abyss:1  | sanka the Palentonga Abyssal Knight began the quest for the
                  | Orb.
     0 | Abyss:1  | Reached XP level 1. HP: 19/19 MP: 2/2
   129 | Abyss:1  | Noticed an ophan
   130 | Abyss:1  | Noticed a freezing wraith
   131 | D:1      | Escaped the Abyss
   605 | D:1      | Reached XP level 2. HP: 16/25 MP: 4/4
   752 | D:1      | Reached skill level 3 in Invocations
  1273 | D:1      | Reached * piety under Lugonu
  1460 | D:2      | Noticed Jessica
  1484 | D:2      | Killed Jessica
  1485 | D:2      | Reached skill level 4 in Invocations
  1485 | D:2      | Reached XP level 3. HP: 26/31 MP: 4/6
  1732 | D:2      | Found a faded altar of an unknown god.
  1742 | D:2      | Found Bezuhod's Assorted Antiques.
  1829 | D:2      | Found Jar Fuof's Antique Armour Shop.
  1834 | D:2      | Found a shimmering altar of Xom.
  1860 | D:2      | Found Xekhoc's Weapon Boutique.
  1879 | D:2      | Reached XP level 4. HP: 22/37 MP: 7/7
  2444 | D:2      | Reached ** piety under Lugonu
  2445 | D:2      | Reached skill level 5 in Invocations
  2695 | D:3      | Reached XP level 5. HP: 22/43 MP: 5/9
  2788 | D:3      | Found a glowing drain.
  2919 | Sewer    | Entered a sewer
  3207 | Sewer    | Reached skill level 6 in Invocations
  4145 | D:3      | Reached XP level 6. HP: 34/50 MP: 7/11
  4151 | D:3      | HP: 5/50 [orc (2)]
  4152 | D:3      | HP: 1/50 [orc (4)]
  4154 | D:3      | Slain by an orc

Vanquished Creatures
  A kobold brigand (Sewer)
  Jessica (D:2)
  2 orc wizards (D:3)
  4 adders
  2 worms (D:2)
  A dart slug (D:2)
  6 orcs
  An endoplasm (D:1)
  2 giant cockroaches (Sewer)
  7 goblins
  5 hobgoblins
  2 jackals (D:1)
  3 quokkas
  9 ball pythons
  5 bats
  8 frilled lizards
  17 kobolds
  8 rats
84 creatures vanquished.
